TOP OF THE 1ST |
Southern California Trojans batting - Pitching for Northwestern Wildcats : RHP Paul Tidwell
|
Pitching: RHP Paul Tidwell
|
|
Batting: RHB José Hernández
|
0-0: Ground out 5-3 (Groundball, 56D)
|
Batting: RHB Homer Griffin
|
0-0: Ball 1-0: Ground out 4-3 (Groundball, 4)
|
Batting: LHB Kel Smith
|
0-0: Ball 1-0: Foul Ball, location: 2F 1-1: Foul Ball, location: 2F 1-2: Ball 2-2: Foul Ball, location: 2F 2-2: Strikes out swinging
|
Top of the 1st over - 0 run(s), 0 hit(s), 0 error(s), 0 left on base; Southern California 0 - Northwestern 0 |
BOTTOM OF THE 1ST |
Northwestern Wildcats batting - Pitching for Southern California Trojans : RHP Hunter Bailey
|
Pitching: RHP Hunter Bailey
|
|
Batting: RHB Brandon Sharp
|
0-0: Called Strike 0-1: Ball 1-1: Ball 2-1: Foul Ball, location: 2F 2-2: Ball 3-2: Ground out 5-3 (Groundball, 56S)
|
Batting: LHB Reynaldo Garza
|
0-0: Foul Ball, location: 2F 0-1: Swinging Strike 0-2: Fly out, F9 (Line Drive, 9)
|
Batting: RHB Aaron Stevens
|
0-0: Called Strike 0-1: Foul Ball, location: 2F 0-2: Foul Ball, location: 2F 0-2: Strikes out swinging
|
Bottom of the 1st over - 0 run(s), 0 hit(s), 0 error(s), 0 left on base; Southern California 0 - Northwestern 0 |
TOP OF THE 2ND |
Southern California Trojans batting - Pitching for Northwestern Wildcats : RHP Paul Tidwell
|
Batting: RHB Mike Carter
|
0-0: Ball 1-0: Foul Ball, location: 2F 1-1: Ball 2-1: Ball 3-1: Base on Balls
|
Batting: SHB Will O'Clerkin
|
0-0: Ball 1-0: Called Strike 1-1: Foul Ball, location: 2F 1-2: Ball 2-2: SINGLE (Line Drive, 7S) Mike Carter to second
|
Batting: RHB Enrico Davis
|
0-0: Called Strike 0-1: Ball 1-1: Swinging Strike 1-2: Strikes out swinging
|
Batting: LHB Carl Hodge
|
0-0: Ball 1-0: Called Strike 1-1: Ball 2-1: SINGLE (Groundball, 4D) Mike Carter to third Will O'Clerkin to second Runner from 3rd tries for Home, throw and OUT!
|
Batting: RHB Eddy Davenport
|
0-0: Fielders Choice at 2nd, 5-4 (Groundball, 5)
|
Top of the 2nd over - 0 run(s), 2 hit(s), 0 error(s), 1 left on base; Southern California 0 - Northwestern 0 |
BOTTOM OF THE 2ND |
Northwestern Wildcats batting - Pitching for Southern California Trojans : RHP Hunter Bailey
|
Batting: RHB Brian Martínez
|
0-0: Ground out 1-3 (Groundball, 13)
|
Batting: RHB Alejandro Amador
|
0-0: Foul Ball, location: 2F 0-1: SOLO HOME RUN (Flyball, 78XD), Distance : 383 ft
|
Batting: RHB Victor King
|
0-0: Ball 1-0: Ground out 6-3 (Groundball, 6)
|
Batting: LHB Roberto Martínez
|
0-0: Ball 1-0: Foul Ball, location: 2F 1-1: Ball 2-1: Ground out 4-3 (Groundball, 4S)
|
Bottom of the 2nd over - 1 run(s), 1 hit(s), 0 error(s), 0 left on base; Southern California 0 - Northwestern 1 |
TOP OF THE 3RD |
Southern California Trojans batting - Pitching for Northwestern Wildcats : RHP Paul Tidwell
|
Batting: RHB Ben Byrd
|
0-0: Foul Ball, location: 2F 0-1: Ball 1-1: Ball 2-1: Ball 3-1: Base on Balls
|
Batting: RHB José Hernández
|
0-0: Called Strike 0-1: Ball 1-1: Swinging Strike 1-2: SINGLE (Groundball, 56D) Ben Byrd to second
|
Batting: RHB Homer Griffin
|
0-0: Fly out, F9 (Flyball, 9S)
|
Batting: LHB Kel Smith
|
0-0: Ball 1-0: Called Strike 1-1: Foul Ball, location: 2F 1-2: Fly out, F9 (Flyball, 9S)
|
Batting: RHB Mike Carter
|
0-0: Called Strike 0-1: Ball 1-1: Ball 2-1: Ball 3-1: Base on Balls Ben Byrd to third José Hernández to second
|
Batting: SHB Will O'Clerkin
|
0-0: DOUBLE (Line Drive, 7LM) Ben Byrd scores José Hernández scores Mike Carter to third
|
Batting: RHB Enrico Davis
|
0-0: Ball 1-0: Called Strike 1-1: Ball 2-1: Ball 3-1: Base on Balls
|
Batting: LHB Carl Hodge
|
0-0: Ground out 3-1 (Groundball, 34S)
|
Top of the 3rd over - 2 run(s), 2 hit(s), 0 error(s), 3 left on base; Southern California 2 - Northwestern 1 |
BOTTOM OF THE 3RD |
Northwestern Wildcats batting - Pitching for Southern California Trojans : RHP Hunter Bailey
|
Batting: SHB Jeff Fuller
|
0-0: Swinging Strike 0-1: Ball 1-1: SINGLE (Line Drive, 78S)
|
Batting: RHB Steve Collier
|
0-0: Called Strike 0-1: Called Strike 0-2: Ball 1-2: Ball 2-2: Fly out, F8 (Flyball, 8RM)
|
Batting: RHB Brandon Sharp
|
0-0: Called Strike 0-1: Swinging Strike 0-2: Ball 1-2: Foul Ball, location: 2F 1-2: Ball 2-2: Fly out, F9 (Flyball, 9S)
|
Batting: LHB Reynaldo Garza
|
0-0: Ball 1-0: Ball 2-0: Called Strike 2-1: Foul Ball, location: 2F 2-2: Strikes out swinging
|
Bottom of the 3rd over - 0 run(s), 1 hit(s), 0 error(s), 1 left on base; Southern California 2 - Northwestern 1 |
TOP OF THE 4TH |
Southern California Trojans batting - Pitching for Northwestern Wildcats : RHP Paul Tidwell
|
Batting: RHB Eddy Davenport
|
0-0: Called Strike 0-1: Ball 1-1: Ball 2-1: Called Strike 2-2: Strikes out swinging
|
Batting: RHB Ben Byrd
|
0-0: Ground out 5-3 (Groundball, 56S)
|
Batting: RHB José Hernández
|
0-0: Ball 1-0: Ground out 1-3 (Groundball, 13S)
|
Top of the 4th over - 0 run(s), 0 hit(s), 0 error(s), 0 left on base; Southern California 2 - Northwestern 1 |
BOTTOM OF THE 4TH |
Northwestern Wildcats batting - Pitching for Southern California Trojans : RHP Hunter Bailey
|
Batting: RHB Aaron Stevens
|
0-0: Called Strike 0-1: Ball 1-1: SINGLE (Groundball, 56) (infield hit)
|
Batting: RHB Brian Martínez
|
0-0: Ball 1-0: Ball 2-0: Called Strike 2-1: Ball 3-1: Base on Balls Aaron Stevens to second
|
Batting: RHB Alejandro Amador
|
0-0: Ball 1-0: Fly out, F2 (Popup, 25)
|
Batting: RHB Victor King
|
0-0: Ball 1-0: Called Strike 1-1: Fly out, F9 (Flyball, 9LMF)
|
Batting: LHB Roberto Martínez
|
0-0: Swinging Strike 0-1: Ground out 3-1 (Groundball, 34)
|
Bottom of the 4th over - 0 run(s), 1 hit(s), 0 error(s), 2 left on base; Southern California 2 - Northwestern 1 |
TOP OF THE 5TH |
Southern California Trojans batting - Pitching for Northwestern Wildcats : RHP Paul Tidwell
|
Batting: RHB Homer Griffin
|
0-0: Called Strike 0-1: Ball 1-1: Called Strike 1-2: Ball 2-2: Ball 3-2: Base on Balls
|
Batting: LHB Kel Smith
|
0-0: Foul Ball, location: 2F 0-1: Ball 1-1: Swinging Strike 1-2: Ball 2-2: Ball 3-2: SINGLE (Groundball, 34) (infield hit) Homer Griffin to second
|
Batting: RHB Mike Carter
|
0-0: Called Strike 0-1: SINGLE (Groundball, 4) (infield hit) Homer Griffin to third Kel Smith to second
|
Batting: SHB Will O'Clerkin
|
0-0: Called Strike 0-1: Ball 1-1: Ball 2-1: SINGLE (Flyball, 7S) Homer Griffin scores Kel Smith to third Mike Carter to second
|
Pitching: RHP Alonso Rodríguez
|
|
Batting: RHB Enrico Davis
|
0-0: Called Strike 0-1: Called Strike 0-2: Strikes out looking
|
Batting: LHB Carl Hodge
|
0-0: Ball 1-0: Ball 2-0: Ball 3-0: Called Strike 3-1: Base on Balls Kel Smith scores Mike Carter to third Will O'Clerkin to second
|
Batting: RHB Eddy Davenport
|
0-0: Foul Ball, location: 2F 0-1: Swinging Strike 0-2: Ball 1-2: Ball 2-2: Ball 3-2: Strikes out swinging
|
Batting: RHB Ben Byrd
|
0-0: Ball 1-0: Ball 2-0: GRAND SLAM HOME RUN (Flyball, 78XD), Distance : 375 ft
|
Batting: RHB José Hernández
|
0-0: Foul Ball, location: 2F 0-1: Called Strike 0-2: Ball 1-2: Strikes out swinging
|
Top of the 5th over - 6 run(s), 4 hit(s), 0 error(s), 0 left on base; Southern California 8 - Northwestern 1 |
BOTTOM OF THE 5TH |
Northwestern Wildcats batting - Pitching for Southern California Trojans : RHP Hunter Bailey
|
Batting: SHB Jeff Fuller
|
0-0: Called Strike 0-1: Ball 1-1: Ball 2-1: Called Strike 2-2: Foul Ball, location: 2F 2-2: Foul Ball, location: 2F 2-2: SINGLE (Line Drive, 6D)
|
Batting: RHB Steve Collier
|
0-0: Grounds into double play, 6-4-3 (Groundball, 6)
|
Batting: RHB Brandon Sharp
|
0-0: Ball 1-0: Ball 2-0: Ball 3-0: Base on Balls
|
Batting: LHB Reynaldo Garza
|
0-0: Ball Brandon Sharp steals 2nd base 1-0: Ball 2-0: 2-RUN HOME RUN (Flyball, 8RXD), Distance : 389 ft
|
Batting: RHB Aaron Stevens
|
0-0: Swinging Strike 0-1: Ground out 5-3 (Groundball, 56)
|
Bottom of the 5th over - 2 run(s), 2 hit(s), 0 error(s), 0 left on base; Southern California 8 - Northwestern 3 |
TOP OF THE 6TH |
Southern California Trojans batting - Pitching for Northwestern Wildcats : RHP Alonso Rodríguez
|
Pitching: RHP Kevin Compton
|
|
Batting: RHB Homer Griffin
|
0-0: Ground out 4-3 (Groundball, 4M)
|
Batting: LHB Kel Smith
|
0-0: Ball 1-0: Ball 2-0: Called Strike 2-1: Foul Ball, location: 2F 2-2: Ball 3-2: Base on Balls
|
Batting: RHB Mike Carter
|
0-0: Called Strike 0-1: Ball 1-1: Ball 2-1: Ball 3-1: Base on Balls Kel Smith to second
|
Batting: SHB Will O'Clerkin
|
0-0: Called Strike 0-1: Ball 1-1: Swinging Strike 1-2: Ball 2-2: Ball 3-2: Foul Ball, location: 2F 3-2: Base on Balls Kel Smith to third Mike Carter to second
|
Batting: RHB Enrico Davis
|
0-0: Ball 1-0: Ball 2-0: Ball 3-0: Base on Balls Kel Smith scores Mike Carter to third Will O'Clerkin to second
|
Batting: LHB Carl Hodge
|
0-0: Ball 1-0: GRAND SLAM HOME RUN (Flyball, 8LXD), Distance : 401 ft
|
Pitching: RHP Drake Wilkinson
|
|
Batting: RHB Eddy Davenport
|
0-0: Ball 1-0: Ball 2-0: Called Strike 2-1: Foul Ball, location: 2F 2-2: Strikes out swinging
|
Batting: RHB Ben Byrd
|
0-0: Ball 1-0: Ball 2-0: Foul Ball, location: 2F 2-1: Fly out, F3 (Popup, 3S)
|
Top of the 6th over - 5 run(s), 1 hit(s), 0 error(s), 0 left on base; Southern California 13 - Northwestern 3 |
BOTTOM OF THE 6TH |
Northwestern Wildcats batting - Pitching for Southern California Trojans : RHP Hunter Bailey
|
Batting: RHB Brian Martínez
|
0-0: Ball 1-0: Fly out, F9 (Line Drive, 9LM)
|
Batting: RHB Alejandro Amador
|
0-0: Ball 1-0: Ball 2-0: Ball 3-0: Base on Balls
|
Batting: RHB Victor King
|
0-0: Foul Ball, location: 2F 0-1: Ball 1-1: Swinging Strike 1-2: Strikes out looking
|
Pitching: RHP Loren Jackson
|
|
Batting: LHB Roberto Martínez
|
0-0: Called Strike 0-1: Foul Ball, location: 2F 0-2: Ball 1-2: Foul Ball, location: 2F 1-2: Strikes out swinging
|
Bottom of the 6th over - 0 run(s), 0 hit(s), 0 error(s), 1 left on base; Southern California 13 - Northwestern 3 |
TOP OF THE 7TH |
Southern California Trojans batting - Pitching for Northwestern Wildcats : RHP Drake Wilkinson
|
Batting: RHB José Hernández
|
0-0: Fly out, F9 (Flyball, 9S)
|
Batting: RHB Homer Griffin
|
0-0: Called Strike 0-1: Ball 1-1: Ball 2-1: Ball 3-1: Base on Balls
|
Batting: LHB Kel Smith
|
0-0: SINGLE (Flyball, 56D) Homer Griffin to second
|
Batting: RHB Mike Carter
|
0-0: Called Strike 0-1: Ball 1-1: Ball 2-1: Ball 3-1: Called Strike 3-2: Foul Ball, location: 2F 3-2: Base on Balls Homer Griffin to third Kel Smith to second
|
Batting: SHB Will O'Clerkin
|
0-0: Foul Ball, location: 2F 0-1: Ball 1-1: Foul Ball, location: 2F 1-2: Strikes out swinging
|
Batting: RHB Enrico Davis
|
0-0: Ball 1-0: Ground out 6-3 (Groundball, 6D)
|
Top of the 7th over - 0 run(s), 1 hit(s), 0 error(s), 3 left on base; Southern California 13 - Northwestern 3 |
BOTTOM OF THE 7TH |
Northwestern Wildcats batting - Pitching for Southern California Trojans : RHP Loren Jackson
|
Pinch Hitting: RHB Jared Chávez
|
0-0: Called Strike 0-1: Called Strike 0-2: Foul Ball, location: 2F 0-2: Foul Ball, location: 2F 0-2: Strikes out swinging
|
Batting: RHB Steve Collier
|
0-0: Called Strike 0-1: Called Strike 0-2: Reaches on Catchers interference
|
Batting: RHB Brandon Sharp
|
0-0: Called Strike 0-1: Ball 1-1: Fly out, F8 (Flyball, 8LD)
|
Batting: LHB Reynaldo Garza
|
0-0: Ball 1-0: Foul Ball, location: 2F 1-1: Ball 2-1: Foul Ball, location: 2F 2-2: SINGLE (Line Drive, 9LS) Steve Collier to second
|
Batting: RHB Aaron Stevens
|
0-0: Foul Ball, location: 2F 0-1: Foul Ball, location: 2F 0-2: Ball 1-2: Foul Ball, location: 2F 1-2: Fly out, F7 (Line Drive, 7)
|
Bottom of the 7th over - 0 run(s), 1 hit(s), 1 error(s), 2 left on base; Southern California 13 - Northwestern 3 |
TOP OF THE 8TH |
Southern California Trojans batting - Pitching for Northwestern Wildcats : RHP Drake Wilkinson
|
Now in LF: Jared Chávez
|
|
Batting: LHB Carl Hodge
|
0-0: Called Strike 0-1: Foul Ball, location: 2F 0-2: Foul Ball, location: 2F 0-2: Ball 1-2: Fly out, F6 (Line Drive, 6M)
|
Batting: RHB Eddy Davenport
|
0-0: Foul Ball, location: 2F 0-1: Ball 1-1: Foul Ball, location: 2F 1-2: Ball 2-2: Strikes out swinging
|
Batting: RHB Ben Byrd
|
0-0: Ball 1-0: Foul Ball, location: 2F 1-1: Swinging Strike 1-2: Strikes out looking
|
Top of the 8th over - 0 run(s), 0 hit(s), 0 error(s), 0 left on base; Southern California 13 - Northwestern 3 |
BOTTOM OF THE 8TH |
Northwestern Wildcats batting - Pitching for Southern California Trojans : RHP Loren Jackson
|
Batting: RHB Brian Martínez
|
0-0: Called Strike 0-1: Ball 1-1: Ball 2-1: Ball 3-1: Base on Balls
|
Batting: RHB Alejandro Amador
|
0-0: Ball 1-0: Called Strike 1-1: Ball 2-1: Called Strike 2-2: Foul Ball, location: 2F 2-2: Ball 3-2: Foul Ball, location: 2F 3-2: Foul Ball, location: 2F 3-2: Base on Balls Brian Martínez to second
|
Batting: RHB Victor King
|
0-0: Ball 1-0: DOUBLE (Groundball, 5L) Brian Martínez scores Alejandro Amador to third
|
Batting: LHB Roberto Martínez
|
0-0: Called Strike 0-1: Foul Ball, location: 2F 0-2: Strikes out swinging
|
Batting: RHB Jared Chávez
|
0-0: Hit by Pitch
|
Batting: RHB Steve Collier
|
0-0: Called Strike 0-1: GRAND SLAM HOME RUN (Flyball, 8LXD), Distance : 401 ft
|
Pitching: RHP Cam Roberts
|
|
Batting: RHB Brandon Sharp
|
0-0: Ground out 6-3 (Groundball, 56)
|
Batting: LHB Reynaldo Garza
|
0-0: Foul Ball, location: 2F 0-1: Called Strike 0-2: Strikes out swinging
|
Bottom of the 8th over - 5 run(s), 2 hit(s), 0 error(s), 0 left on base; Southern California 13 - Northwestern 8 |
TOP OF THE 9TH |
Southern California Trojans batting - Pitching for Northwestern Wildcats : RHP Drake Wilkinson
|
Pitching: RHP Miguel Gómez
|
|
Batting: RHB José Hernández
|
0-0: Ball 1-0: Swinging Strike 1-1: Ball 2-1: Swinging Strike 2-2: Foul Ball, location: 2F 2-2: Strikes out swinging
|
Batting: RHB Homer Griffin
|
0-0: Called Strike 0-1: Foul Ball, location: 2F 0-2: Ball 1-2: Ball 2-2: Strikes out swinging
|
Batting: LHB Kel Smith
|
0-0: Foul Ball, location: 2F 0-1: Called Strike 0-2: Ball 1-2: Foul Ball, location: 2F 1-2: Ball 2-2: Foul Ball, location: 2F 2-2: SINGLE (Line Drive, 4D)
|
Batting: RHB Mike Carter
|
0-0: Called Strike 0-1: Ball 1-1: Foul Ball, location: 2F 1-2: Ball 2-2: Fly out, F4 (Line Drive, 4M)
|
Top of the 9th over - 0 run(s), 1 hit(s), 0 error(s), 1 left on base; Southern California 13 - Northwestern 8 |
BOTTOM OF THE 9TH |
Northwestern Wildcats batting - Pitching for Southern California Trojans : RHP Cam Roberts
|
Now in LF: Wade Martin
|
|
Batting: RHB Aaron Stevens
|
0-0: Fly out, F9 (Flyball, 9S)
|
Batting: RHB Brian Martínez
|
0-0: Ball 1-0: Foul Ball, location: 2F 1-1: Ball 2-1: Foul Ball, location: 2F 2-2: Foul Ball, location: 2F 2-2: Strikes out swinging
|
Batting: RHB Alejandro Amador
|
0-0: Foul Ball, location: 2F 0-1: Ball 1-1: Called Strike 1-2: Strikes out looking
|
Bottom of the 9th over - 0 run(s), 0 hit(s), 0 error(s), 0 left on base; Southern California 13 - Northwestern 8 |
|